 Dungeon Crawl Stone Soup version 0.28-a0-476-g0f06bd746f (webtiles) character file.

Game seed: 17934999182686613922

2469 robertstho the Thaumaturge (level 9, -4/63 HPs)
             Began as a Djinni Fire Elementalist on Sept 16, 2021.
             Was an Initiate of Gozag.
             Killed from afar by a gargoyle (25 damage)
             ... with a stone arrow
             ... on level 7 of the Dungeon.
             The game lasted 00:12:52 (10272 turns).

robertstho the Thaumaturge (DjFE)                  Turns: 10272, Time: 00:12:54

Health: -4/63      AC:  8    Str:  7    XL:     9   Next: 80%
Gold:   704        EV: 13    Int: 19    God:    Gozag SH:  0 Dex: 15

rFire   + + +      SeeInvis .   a - +2 dagger (drain)
rCold   x . .      Faith    .   (no shield)
rNeg    . . .      Spirit   .   z - +2 robe {rF+}
rPois   ∞          Reflect  .   n - +2 helmet
rElec   .          Harm     .   p - +0 cloak
rCorr   .          Rampage  .   (no gloves)
Will    .....                   (boots unavailable)
Stlth   ++........              (no amulet)
HPRegen 0.20/turn               (no ring)
MPRegen 0.00/turn               (no ring)

@: gold aura, flying
A: sickness immunity, fire resistance 2, cold vulnerability 1, float, innate
caster, hp casting, extra vitality 1
a: Renounce Religion, Potion Petition, Call Merchant, Bribe Branch


You were on level 7 of the Dungeon.
You worshipped Gozag.
Gozag was pleased with you.
You visited 1 branch of the dungeon, and saw 8 of its levels.

You collected 772 gold pieces.
You paid 68 gold pieces to Gozag.

Inventory:

Hand Weapons
 a - a +2 dagger of draining (weapon)
Missiles
 o - 155 stones
Armour
 n - a +2 helmet (worn)
 p - a +0 cloak (worn)
 z - a +2 robe of fire resistance (worn)
Wands
 b - a wand of polymorph (10)
Scrolls
 e - 2 scrolls of blinking {unknown}
 g - 2 scrolls of brand weapon {unknown}
 i - 2 scrolls of teleportation {unknown}
 q - a scroll of holy word
 t - a scroll of immolation
 u - a scroll of vulnerability
 x - 2 scrolls of fog {unknown}
 y - a scroll of enchant armour {unknown}
Potions
 c - a potion of magic {unknown}
 d - 2 potions of curing {unknown}
 f - a potion of flight {unknown}
 h - a potion of brilliance {unknown}
 j - a potion of haste {unknown}
 k - a potion of ambrosia {unknown}
 r - a potion of degeneration {unknown}
 s - a potion of lignification {unknown}
 v - 3 potions of berserk rage {unknown}
 w - a potion of mutation


   Skills:
 * Level 4.4 Fighting
 + Level 0.5 Short Blades
 + Level 3.0 Dodging
 + Level 2.5 Stealth
 * Level 9.0 Spellcasting


You had 3 spell levels left.
You knew the following spells:

 Your Spells              Type           Power      Damage    Failure   Level
a - Foxfire               Conj/Fire      100%       2x1d9     1%          1
b - Scorch                Fire           86%        2d9       1%          2
c - Conjure Flame         Conj/Fire      43%        6-21      1%          3
d - Inner Flame           Hex/Fire       43%        N/A       1%          3
e - Flame Wave            Conj/Fire      43%        3d9       1%          4
f - Sandblast             Erth           86%        2d18      1%          1
g - Passwall              Tmut/Erth      35%        N/A       1%          2
h - Swiftness             Air            43%        N/A       1%          3
i - Iskenderun's Mystic   Conj/Tloc      43%        2d10      1%          4
Your spell library was empty.

Dungeon Overview and Level Annotations

Branches:
Dungeon (8/15)             Temple (0/1) D:6
   Lair: D:8-11

Altars:
Dithmenos
Elyvilon
Gozag
Kikubaaqudgha
Makhleb
Okawaru
Uskayaw
Wu Jian
Xom

Shops:
D:2 (


Innate Abilities, Weirdness & Mutations

You are immune to sickness and miasma.
You are immune to poison.
Your flesh is very heat resistant. (rF++)
You are vulnerable to cold. (rC-)
You float through the air rather than walking.
You learn spells naturally, not from books.
Your magical power is your life essence.
You have superior vitality. (+4 HP)


Message History

Aim: a gargoyle, wielding a +0 mace (92% to hit)
The blast of sand hits the gargoyle but does no damage.
o - 156 stones The gargoyle hurls a stone arrow at you.
The stone arrow hits you!
Casting: Sandblast (safe; 1% risk of failure)
Confirm with . or Enter, or press ? or * to list all spells.
Aiming: Sandblast (safe; 1% risk of failure)
Press: ? - help, Shift-Dir - straight line, f/p - gargoyle
Aim: a gargoyle, wielding a +0 mace (92% to hit)
The blast of sand hits the gargoyle.
The gargoyle is lightly damaged.
o - 155 stones The gargoyle hurls a stone arrow at you.
The stone arrow hits you! The gargoyle barely misses you.
Casting: Sandblast (safe; 1% risk of failure)
Confirm with . or Enter, or press ? or * to list all spells.
Casting: Flame Wave (dangerous; 1% risk of failure)
Press: ? - help, Dir - look around, f - activate A wave of flame ripples out!
The flame wave engulfs the gargoyle but does no damage.
The gargoyle is lightly damaged. (Press . to intensify the flame waves.)
You hear a shout!
The gargoyle hits you with a +0 mace!
A white imp comes into view.
A wave of flame ripples out!
The flame wave engulfs the gargoyle.
The gargoyle is lightly damaged.
The gargoyle hurls a stone arrow at you.
The stone arrow misses you.
A wave of flame ripples out!
The flame wave engulfs the gargoyle!
The gargoyle is severely damaged.
The flame wave engulfs the white imp!
The white imp is burned terribly!
You kill the white imp!
You finish channelling waves of flame.
The gargoyle hurls a stone arrow at you.
The stone arrow hits you!!
You die...
Your body crumbles into a pile of gold.

#. #.##....# #.#. #.####..#
... #.......# .. #######.##
.# #. ####.# #$# #. #....##
#..#. #...#.#
.#####.#9######....##
([......@.....##.###
######..####.##.#
##.......##.########
#.#######.....#..##.#.......
####
#.............#..##.#.#####.
...#
#######.##..#.......#.#####.
)#.###
#>##.......####.##....
))...# #.##..#.#.##
#......#. .#.#.# #.###.....#
#........


You could see a gargoyle.

Vanquished Creatures
  Grinder (D:3)
  A steam dragon (D:7)
  A necrophage (D:6)
  2 ice beasts
  2 black bears (D:5)
  An ogre (D:5)
  2 centaurs
  A phantom (D:4)
  A bullfrog (D:7)
  A water moccasin zombie (D:5)
  2 wyvern skeletons (D:7)
  4 scorpions
  A wight (D:7)
  A centaur zombie (D:6)
  A crimson imp (D:6)
  5 hounds
  A bullfrog skeleton (D:6)
  An orc priest (D:4)
  A jelly (D:7)
  2 centaur skeletons
  5 iguanas
  5 orc wizards
  A howler monkey zombie (D:7)
  Robin (D:4)
  5 gnolls
  5 adders
  A howler monkey skeleton (D:7)
  A shadow imp (D:6)
  A white imp (D:7)
  An adder skeleton (D:4)
  2 worms
  4 dart slugs
  18 orcs
  5 bats
  9 endoplasms
  5 giant cockroaches
  10 hobgoblins
  7 jackals (D:4)
  6 kobolds
  6 quokkas
  7 ball pythons
  3 frilled lizards
  12 goblins
  2 rats
154 creatures vanquished.

Vanquished Creatures (others)
  643 foxfires
643 creatures vanquished.

Grand Total: 797 creatures vanquished

Notes
Turn   | Place    | Note
-------+----------+-------------------------------------------
     0 | D:1      | robertstho the Djinni Fire Elementalist began the quest for
                  | the Orb.
     0 | D:1      | Reached XP level 1. HP: 15/15 MP: 0/0
   239 | D:1      | Reached XP level 2. HP: 20/21 MP: 0/0
   268 | D:1      | Reached skill level 3 in Spellcasting
   694 | D:1      | Reached XP level 3. HP: 15/25 MP: 0/0
   694 | D:1      | Learned a level 1 spell: Sandblast
  1328 | D:2      | Found Paor's Antique Weapon Shoppe.
  1708 | D:2      | Reached XP level 4. HP: 26/31 MP: 0/0
  2606 | D:3      | Found a faded altar of an unknown god.
  3084 | D:3      | Noticed Grinder
  3088 | D:3      | Reached XP level 5. HP: 30/36 MP: 0/0
  3088 | D:3      | Learned a level 2 spell: Passwall
  3097 | D:3      | Reached skill level 1 in Fighting
  3107 | D:3      | Killed Grinder
  3108 | D:3      | Reached skill level 5 in Spellcasting
  3108 | D:3      | Reached XP level 6. HP: 17/42 MP: 0/0
  3427 | D:3      | Found an opulent altar of Gozag.
  3829 | D:4      | Reached XP level 7. HP: 36/48 MP: 0/0
  3829 | D:4      | Learned a level 3 spell: Swiftness
  3831 | D:4      | Noticed Robin
  3834 | D:4      | Killed Robin
  4015 | D:4      | Found a shadowy altar of Dithmenos.
  4216 | D:4      | Noticed a +0 short sword
  4227 | D:4      | Noticed a +0 dagger
  4227 | D:4      | Noticed a +0 spear
  4227 | D:4      | Noticed a +0 dagger
  4227 | D:4      | Noticed a +0 spear
  4227 | D:4      | Noticed a +0 falchion
  4228 | D:4      | Noticed a +0 falchion
  4229 | D:4      | Noticed a +0 short sword
  4234 | D:4      | Found a hide-covered altar of Uskayaw.
  4758 | D:4      | Reached skill level 6 in Spellcasting
  4871 | D:4      | Found an iron altar of Okawaru.
  4871 | D:4      | Found an ornate altar of the Wu Jian Council.
  5051 | D:3      | Became a worshipper of Gozag Ym Sagoz the Greedy
  5487 | D:4      | Reached XP level 8. HP: 27/54 MP: 0/0
  5895 | D:5      | Entered Level 5 of the Dungeon
  6293 | D:5      | Reached skill level 7 in Spellcasting
  6548 | D:5      | Found a white marble altar of Elyvilon.
  6898 | D:5      | Reached XP level 9. HP: 56/60 MP: 0/0
  6898 | D:5      | Learned a level 4 spell: Iskenderun's Mystic Blast
  7214 | D:6      | Found a staircase to the Ecumenical Temple.
  7226 | D:6      | Reached skill level 8 in Spellcasting
  7641 | D:6      | Found a shimmering altar of Xom.
  7641 | D:6      | Found a burning altar of Makhleb.
  9669 | D:7      | Reached skill level 9 in Spellcasting
 10263 | D:7      | Noticed a gargoyle
 10272 | D:7      | Killed from afar by a gargoyle

Illustrated notes

Levels and vault maps discovered:
D:1:      noname_arrival_rooms_in_the_neighbourhood, layout_rooms
D:2:      layout_basic, serial_shops, nicolae_shop_overgrown_old_shop,
          minmay_ruptured
D:3:      layout_loops_corners, nicolae_overflow_hidden_temple,
          hellmonk_ecumenical_altar_lost_god, uniq_grinder
D:4:      layout_layer_cave, nicolae_uskayaw_en_pointe,
          chequers_temple_overflow_statue_of_worship,
          gammafunk_temple_overflow_statue, minmay_unequal, uniq_robin
D:5:      layout_loops_ring, kennysheep_little_box, item_on_display_a
D:6:      layout_loops_ring, grunt_temple_overflow_champion_of_chaos,
          minmay_temple_entry_large_hall, kennysheep_nub
D:7:      layout_loops_cross, st_stairs_11
D:8:      layout_basic

Skill      XL: |  1  2  3  4  5  6  7  8  9 |
---------------+----------------------------+-----
Spellcasting   | 3 5 6 7 9 |  9.0
Fighting       | 1 2 3 4 |  4.4
Stealth        | 2 |  2.5
Dodging        | 3 |  3.0
Short Blades   | |  0.5

Action                   |  1- 3 |  4- 6 |  7- 9 || total
-------------------------+-------+-------+-------++-------
Melee: Unarmed           |       |     2 |       ||     2
       Dagger            |       |       |    41 ||    41
 Cast: Foxfire           |    73 |   106 |   202 ||   381
       Scorch            |     6 |       |    40 ||    46
       Flame Wave        |       |       |     6 ||     6
       Sandblast         |       |       |     2 ||     2
  Use: Scroll            |       |       |     5 ||     5
Armor: Robe              |       |     1 |    17 ||    18
Dodge: Dodged            |       |     5 |    46 ||    51

Table legend: (Time is in decaauts)
 A = Elapsed time spent in this place.
 B = Non-inter-level travel time spent in this place.
 C = Inter-level travel time spent in this place.
 D = Time resting spent in this place.
 E = Time spent auto-exploring this place.
 F = Levels seen in this place.
 G = Mean time per level.
                   A        B        C        D        E       F      G
               +--------+--------+--------+--------+--------+-----+--------+
         Total |  10277 |   9434 |    843 |    325 |   8060 |   8 | 1284.6 |
       Dungeon |  10277 |   9434 |    843 |    325 |   8060 |   8 | 1284.6 |
               +--------+--------+--------+--------+--------+-----+--------+

Top non-repeatable levels by time:
     D:4: 2273 daAuts
     D:3: 1592 daAuts
     D:6: 1565 daAuts
     D:2: 1457 daAuts
     D:5: 1218 daAuts
     D:1: 1151 daAuts
     D:7: 794 daAuts
     D:8: 223 daAuts
